Map: Polka LE

Players

Massa

  • Race: Terran Terran
  • League: Platinum
  • Spawn Location: 5:00

qqq

  • Race: Zerg Zerg
  • League: Platinum
  • Spawn Location: 5:00

Neteasy - Winner!

  • Race: Protoss Protoss
  • Spawn Location: 11:00

ZhiZunBao - Winner!

  • Race: Protoss Protoss
  • Spawn Location: 11:00

VOD

Have the link to the VOD?

Description

Time

  • Played on: Dec. 9, 2020, 2:41 p.m.
  • Length: 10:28
Show
View Real Time Build Order
Export as new Build Order

Massa Terran 

Build Orders: Command Center First (CC) 

Get SALT Encoding   

  12  0:00  SCV  
  13  0:12  SCV  
  14  0:24  SCV  
  15  0:54  Supply Depot  
  15  0:55  Command Center  
  15  1:07  Refinery  
  15  1:12  Refinery  
  15  1:16  SCV  
  16  1:19  Engineering Bay  
  16  1:28  SCV  
  17  1:40  SCV  
  18  1:53  SCV  
  19  2:46  SCV  
  19  2:50  Barracks  
  19  2:53  Barracks  
  19  2:55  Barracks  
  19  3:08  SCV  
  20  3:20  SCV  
  22  3:48  SCV  
  22  4:01  SCV  
  26  4:06  Reaper  
  26  4:07  Reaper x2  
  26  4:24  Factory  
  26  4:27  Orbital Command, Missile Turret  
  26  4:39  Supply Depot  
  26  4:40  Command Center, Supply Depot  
  26  4:46  Supply Depot  
  26  5:00  Reaper x3  
  27  5:33  Reaper x3  
  29  5:40  Factory Tech Lab  
  29  5:46  Command Center  
  29  5:52  Starport  
  29  5:55  Supply Depot  
  29  6:01  Orbital Command  
  29  6:02  SCV  
  30  6:05  Reaper x3  
  30  6:07  Missile Turret  
  33  6:14  SCV  
  33  6:24  Cyclone  
  36  6:28  SCV x2  
  38  6:37  Reaper x2  
  40  6:40  SCV x2  
  38  7:35  Cyclone  
  38  7:36  SCV  
  38  7:37  SCV  
  39  7:48  SCV  
  39  7:49  SCV  
  41  7:54  Barracks x2, Terran Infantry Weapons Level 1  
  41  7:57  Barracks  
  36  8:00  SCV, Armory  
  36  8:01  SCV  
  36  8:04  Barracks Tech Lab  
  36  8:05  Marine x2  
  39  8:11  Medivac  
  42  8:13  SCV  
  42  8:17  Engineering Bay  
  43  8:21  Supply Depot  
  43  8:23  Marine x2, Supply Depot  
  43  8:24  Supply Depot  
  43  8:26  Supply Depot  
  43  8:27  SCV x2  
  47  8:30  Orbital Command  
  47  8:39  SCV x2  
  49  8:41  Medivac  
  49  8:42  Missile Turret x2  
  49  8:45  Marine x6, Missile Turret  
  57  8:50  Thor  
  57  8:51  SCV  
  57  8:55  SCV  
  65  8:56  SCV  
  66  9:03  SCV, Marine x6  
  66  9:07  SCV  
  66  9:08  SCV  
  66  9:09  Refinery  
  75  9:11  Refinery  
  75  9:20  Marine  
  75  9:21  Marine x4  
  81  9:28  Barracks Tech Lab  
  80  9:38  Marine  
  80  9:39  Marine x4  
  85  9:46  Marine  
  85  9:50  SCV x3  
  89  9:56  Marine  
  89  9:57  Marine x3  
  94  10:02  SCV x3  
  94  10:04  Marine  
  73  10:22  Barracks Tech Lab  
Show
View Real Time Build Order
Export as new Build Order

qqq Zerg 

Build Orders: Hatch First 

Get SALT Encoding   

  12  0:00  Drone  
  13  0:08  Drone  
  14  0:18  Overlord  
  14  0:24  Extractor  
  14  0:25  Drone  
  14  0:38  Drone x2  
  16  0:59  Hatchery  
  15  1:21  Spawning Pool  
  14  1:25  Drone  
  15  1:39  Drone  
  16  1:41  Drone  
  17  1:53  Overlord  
  17  2:08  Metabolic Boost  
  17  2:10  Zergling x4  
  17  2:12  Zergling x2  
  20  2:18  Queen  
  20  2:22  Zergling x2  
  23  2:31  Zergling x2  
  24  2:39  Zergling x2  
  25  2:45  Drone  
  25  2:46  Zergling x4  
  28  2:52  Baneling Nest  
  28  2:55  Zergling x2  
  28  2:56  Zergling x2  
  29  3:05  Spine Crawler  
  28  3:06  Zergling x2  
  28  3:10  Zergling x2  
  28  3:11  Zergling x2  
  31  3:16  Zergling x2  
  32  3:38  Queen  
  32  3:39  Zergling x4  
  32  3:40  Overlord  
  36  3:43  Baneling  
  36  3:44  Baneling  
  36  3:46  Baneling  
  36  3:53  Overlord  
  36  4:14  Queen, Zergling x4  
  26  4:56  Zergling x10  
  26  4:57  Zergling x2  
  30  5:12  Zergling x4  
  30  5:27  Drone  
  27  5:37  Queen  
  29  5:49  Zergling x4  
  29  5:50  Zergling x6  
  28  6:02  Spore Crawler  
  28  6:03  Drone  
  26  6:07  Zergling x4  
  28  6:12  Baneling  
  28  6:13  Baneling x4, Queen  
  30  6:19  Drone  
  31  6:49  Queen  
  31  6:54  Spore Crawler  
  30  7:10  Hatchery  
  29  7:24  Queen  
  31  7:40  Drone x3  
  31  7:41  Drone  
  35  7:50  Lair  
  35  7:51  Extractor  
  24  8:21  Drone x3  
  24  8:25  Spore Crawler  
  25  8:31  Drone  
  26  8:36  Overlord  
  26  8:39  Overlord  
  25  8:53  Queen  
  27  8:57  Queen  
  29  9:04  Hydralisk Den  
  29  9:05  Drone  
  29  9:08  Drone  
  29  9:19  Drone x2  
  29  9:43  Overlord x3  
  29  9:59  Hatchery  
Show
View Real Time Build Order
Export as new Build Order

Neteasy Protoss - Winner!

Build Orders:  

Get SALT Encoding   

  12  0:00  Probe  
  13  0:12  Probe  
  14  0:25  Probe  
  14  0:26  Pylon  
  15  0:44  Probe (Chrono Boost), Gateway  
  15  0:49  Assimilator  
  16  0:55  Assimilator  
  16  0:56  Probe (Chrono Boost)  
  17  1:01  Probe (Chrono Boost)  
  18  1:10  Probe  
  19  1:22  Probe  
  20  1:29  Pylon  
  20  1:34  Probe  
  21  1:47  Cybernetics Core  
  21  1:49  Probe  
  22  2:01  Probe  
  22  2:04  Nexus  
  23  2:18  Pylon  
  23  2:25  Stalker (Chrono Boost)  
  25  2:33  Stargate  
  25  2:35  Probe  
  26  2:43  Warp Gate  
  26  2:47  Stalker  
  28  3:03  Probe  
  29  3:16  Void Ray  
  29  3:18  Probe (Chrono Boost)  
  29  3:19  Probe (Chrono Boost)  
  31  3:20  Pylon  
  35  3:27  Stargate  
  35  3:28  Probe (Chrono Boost)  
  35  3:30  Probe (Chrono Boost)  
  35  3:33  Assimilator  
  37  3:43  Probe x2  
  39  3:55  Probe  
  40  3:57  Probe  
  40  4:00  Assimilator  
  40  4:01  Void Ray (Chrono Boost)  
  41  4:07  Probe  
  46  4:19  Probe x2  
  48  4:31  Probe, Oracle (Chrono Boost)  
  50  4:33  Shield Battery  
  50  4:36  Void Ray (Chrono Boost)  
  48  4:57  Void Ray  
  48  5:02  Probe  
  52  5:16  Pylon  
  52  5:17  Pylon  
  48  5:36  Void Ray (Chrono Boost)  
  48  5:40  Shield Battery  
  48  5:42  Shield Battery  
  52  5:53  Shield Battery  
  51  6:07  Probe (Chrono Boost), Shield Battery  
  51  6:09  Probe (Chrono Boost)  
  54  6:19  Probe (Chrono Boost), Void Ray (Chrono Boost)  
  54  6:23  Fleet Beacon  
  54  6:24  Probe (Chrono Boost)  
  59  6:26  Probe (Chrono Boost), Pylon  
  59  6:30  Pylon  
  59  6:31  Probe  
  61  6:33  Probe  
  61  6:36  Void Ray (Chrono Boost)  
  62  6:43  Probe  
  62  6:46  Probe  
  67  6:57  Flux Vanes  
  67  6:59  Void Ray (Chrono Boost)  
  67  7:04  Probe  
  73  7:20  Pylon  
  73  7:21  Pylon  
  72  7:24  Forge  
  76  7:30  Void Ray (Chrono Boost)  
  75  7:38  Tempest (Chrono Boost)  
  80  8:06  Void Ray  
  80  8:08  Void Ray  
  84  8:41  Protoss Air Weapons Level 1 (Chrono Boost)  
  84  8:43  Probe  
  85  8:53  Carrier  
  91  8:57  Nexus  
  91  9:00  Probe x2, Pylon  
  93  9:03  Assimilator  
  93  9:05  Assimilator  
  93  9:12  Probe  
  93  9:13  Pylon  
  93  9:15  Probe  
  101  9:17  Carrier  
  101  9:41  Probe x2  
  103  9:48  Stargate  
  103  9:53  Probe x2  
  105  10:04  Photon Cannon  
  105  10:05  Probe x2  
  105  10:06  Photon Cannon  
  107  10:10  Shield Battery  
Show
View Real Time Build Order
Export as new Build Order

ZhiZunBao Protoss - Winner!

Build Orders: Forge Fast Expand (FFE) 

Get SALT Encoding   

  12  0:00  Probe  
  13  0:12  Probe  
  14  0:18  Pylon  
  14  0:24  Probe  
  15  0:46  Forge  
  15  0:49  Probe (Chrono Boost)  
  16  1:01  Probe (Chrono Boost)  
  17  1:09  Probe (Chrono Boost)  
  18  1:16  Probe  
  19  1:28  Probe  
  20  1:40  Probe  
  20  1:44  Nexus  
  21  1:51  Assimilator  
  21  1:52  Probe  
  21  1:53  Photon Cannon  
  22  2:04  Probe  
  23  2:14  Assimilator  
  23  2:55  Probe, Pylon  
  24  3:08  Probe (Chrono Boost)  
  24  3:09  Photon Cannon  
  25  3:13  Probe (Chrono Boost)  
  25  3:18  Pylon  
  27  3:20  Probe (Chrono Boost)  
  27  3:22  Probe (Chrono Boost)  
  27  3:25  Probe (Chrono Boost)  
  29  3:27  Probe (Chrono Boost)  
  29  3:31  Gateway  
  29  3:34  Probe  
  30  3:39  Probe  
  32  3:56  Probe  
  32  3:57  Probe  
  34  4:08  Probe  
  34  4:09  Probe  
  36  4:19  Photon Cannon  
  36  4:21  Probe x2  
  36  4:23  Pylon  
  38  4:33  Probe  
  39  4:38  Pylon  
  39  4:40  Photon Cannon  
  39  4:42  Photon Cannon  
  37  4:48  Probe x2  
  37  5:00  Probe  
  37  5:01  Zealot (Chrono Boost)  
  37  5:05  Cybernetics Core  
  40  5:07  Pylon  
  40  5:08  Pylon  
  40  5:09  Pylon  
  40  5:13  Pylon  
  40  5:16  Pylon  
  40  5:27  Probe (Chrono Boost)  
  42  5:32  Probe (Chrono Boost)  
  42  5:38  Probe (Chrono Boost)  
  42  5:39  Nexus  
  42  5:41  Probe (Chrono Boost), Pylon  
  44  5:42  Probe (Chrono Boost)  
  45  5:51  Probe  
  45  5:53  Probe, Shield Battery  
  45  5:59  Gateway  
  45  6:02  Pylon  
  45  6:03  Probe  
  46  6:09  Shield Battery  
  46  6:10  Warp Gate  
  46  6:13  Twilight Council  
  46  6:15  Robotics Facility  
  46  6:16  Probe x2  
  48  6:19  Assimilator  
  48  6:23  Assimilator  
  48  6:25  Photon Cannon  
  48  6:26  Photon Cannon, Shield Battery  
  48  6:28  Probe x2  
  48  6:29  Pylon  
  50  6:40  Probe x2  
  52  6:48  Gateway  
  52  6:49  Pylon  
  52  6:52  Probe x2  
  51  7:03  Charge (Chrono Boost), Protoss Ground Weapons Level 1 (Chrono Boost)  
  51  7:04  Observer (Chrono Boost), Probe x2  
  54  7:09  Observer  
  54  7:16  Probe  
  54  7:18  Templar Archives  
  55  7:25  Pylon  
  55  7:26  Shield Battery  
  55  7:37  Probe x2  
  55  7:42  Gateway  
  55  7:44  Gateway  
  57  7:45  Gateway x2  
  57  7:49  Probe x2  
  57  7:50  Assimilator  
  57  7:51  Assimilator  
  59  7:56  Gateway  
  59  7:59  Warp Prism (Chrono Boost)  
  59  8:01  Probe x2  
  63  8:11  Observer  
  63  8:12  Gateway  
  63  8:13  Probe  
  63  8:14  Gateway  
  63  8:15  High Templar x2  
  63  8:17  Gateway  
  63  8:18  Gateway  
  68  8:21  Pylon  
  68  8:24  Archon  
  68  8:27  Probe x2  
  70  8:39  Probe x2  
  72  8:45  Psionic Storm  
  72  8:51  Probe, High Templar x4  
  72  8:52  High Templar x2  
  85  8:57  Observer  
  85  8:59  Archon x2  
  85  9:02  Probe  
  87  9:03  Probe  
  87  9:04  Probe  
  89  9:10  High Templar  
  89  9:12  High Templar  
  89  9:14  Probe  
  89  9:16  Probe x2  
  96  9:24  Nexus  
  96  9:26  Probe, Pylon  
  96  9:28  Probe  
  96  9:30  Pylon  
  98  9:40  Zealot  
  98  9:41  Zealot x6  
  98  9:42  Zealot  
  114  9:49  Probe x3  
  117  9:55  Assimilator  
  117  9:59  Gateway  
  117  10:01  Probe x3, Stalker x3  
  117  10:02  Gateway  
  117  10:03  Zealot x2, Stalker  
  117  10:04  Stalker x2  
  136  10:07  High Templar x2  
Tags
 
Add a new tag
Caveats
  • Supply blocks, unpowered buildings, or Contaminate may cause inaccurate times.
  • Supply counts are checked every 10 seconds.